AoeStats
← mhilla73

Arena

509500162Analyzed
4v4 RM · 7d ago on Sep 27, 2026· 49m 5s· 8 players
Game mode
Random Map
Map size
Large (8 player)
Population
200
Speed
Normal
Resources
Standard
Victory
Conquest
Starting age
Dark Age
Ending age
Imperial Age
RankedLock teamsTeams togetherTeam positionsShared explorationLock speedFull tech treeHidden civsTurbo modeCheats
Victory
Defeat
🇨🇳 Saxons · China
1591
+7
🇨🇳 Magyars · China
1496
+11
🇹🇷 Burgundians · Türkiye
1489
+11
🇺🇸 Saxons · United States
1486
+11
🇺🇸 Italians · United States
1534
-15
🇺🇸 Varangians · United States
1488
-13
🇺🇸 Poles · United States
1283
-7
🇺🇸 Khmer · United States
1191
-5
Tilikoglu
4:42 Double-Bit Axe
10:28 Feudal Age
9:41 Horse Collar
14:50 Castle Age
13:59 Bow Saw
15:38 Wheelbarrow
16:51 Two-Man Saw
15:54 Heavy Plow
20:22 Crop Rotation
20:56 Gold Mining
21:15 Stone Mining
23:53 Scale Barding Armor
23:59 Forging
23:49 Cavalier
24:31 Husbandry
24:56 Hand Cart
29:30 Chain Barding Armor
31:43 Burgundian Vineyards
34:25 Imperial Age
33:08 Gold Shaft Mining
33:09 Stone Shaft Mining
32:22 Loom
32:23 Town Watch
34:24 Iron Casting
34:32 Paladin
37:08 Plate Barding Armor
37:36 Blast Furnace
38:10 Conscription
40:39 Chemistry
39:20 Treadmill Crane
39:50 Masonry
39:51 Fortified Wall
40:02 Ballistics
40:10 Light Cavalry
40:47 Hussar
boo
8:54 Feudal Age
7:13 Loom
9:43 Double-Bit Axe
10:26 Stone Mining
10:35 Town Watch
11:32 Wheelbarrow
11:35 Fletching
16:30 Town Watch
21:39 Castle Age
19:41 Horse Collar
23:33 Hand Cart
25:38 Bow Saw
28:40 Heavy Plow
29:47 Squires
31:40 Hand Cart
31:47 Scale Mail Armor
31:49 Pikeman
34:10 Gold Mining
36:08 Forging
38:51 Imperial Age
37:53 Chain Mail Armor
38:14 Iron Casting
38:51 Iron Casting
38:59 Shield Wall
40:00 Conscription
40:11 Plate Mail Armor
39:45 Halberdier
40:11 Arson
41:45 Gold Shaft Mining
41:42 Crop Rotation
42:32 Elite Varangian Guard
46:04 Gambesons
45:50 Capped Ram
47:03 Siege Ram
48:59 Bodkin Arrow
第一滴血
10:40 Feudal Age
14:14 Castle Age
12:22 Double-Bit Axe
13:15 Horse Collar
19:46 Corvinian Army
20:33 Gold Mining
22:19 Wheelbarrow
22:07 Scale Barding Armor
28:39 Hand Cart
28:12 Loom
32:30 Imperial Age
30:18 Heavy Plow
30:29 Bow Saw
30:11 Gold Mining
31:50 Fletching
32:41 Elite Skirmisher
33:36 Bodkin Arrow
34:51 Chemistry
33:58 Heavy Cavalry Archer
34:44 Thumb Ring
35:04 Parthian Tactics
35:11 Bracer
35:35 Ballistics
36:49 Padded Archer Armor
39:13 Gold Shaft Mining
39:21 Chain Barding Armor
39:30 Stone Mining
40:39 Leather Archer Armor
44:37 Crop Rotation
45:07 Two-Man Saw
44:42 Recurve Bow
47:35 Conscription
46:41 Elite Magyar Huszar
48:29 Ring Archer Armor
49:29 Plate Barding Armor
50:19 Hoardings
49:14 Sappers
Platypus
10:13 Feudal Age
14:08 Castle Age
12:00 Double-Bit Axe
12:19 Horse Collar
15:11 Bow Saw
16:38 Loom
21:07 Wheelbarrow
23:08 Hand Cart
23:40 Gold Mining
28:57 Imperial Age
27:20 Scale Mail Armor
27:30 Forging
27:31 Squires
28:13 Gold Shaft Mining
27:36 Gambesons
28:28 Chain Mail Armor
28:23 Heavy Plow
30:37 Plate Mail Armor
31:29 Capped Ram
33:59 Iron Casting
33:21 Elite Varangian Guard
37:07 Conscription
41:45 Shield Wall
45:24 Siege Ram
46:09 Stone Mining
rubatubdubs
10:06 Feudal Age
13:38 Castle Age
11:25 Double-Bit Axe
11:21 Horse Collar
14:34 Bow Saw
18:18 Wheelbarrow
19:36 Hand Cart
20:17 Heavy Plow
20:35 Gold Mining
20:43 Stone Mining
24:10 Fletching
25:09 Bodkin Arrow
28:07 Imperial Age
26:34 Ballistics
27:09 Padded Archer Armor
29:19 Conscription
29:10 Thumb Ring
29:07 Bracer
30:09 Chemistry
31:02 Scale Barding Armor
31:07 Forging
31:22 Elite Genoese Crossbowman
33:24 Hoardings
33:10 Leather Archer Armor
32:49 Loom
32:51 Town Watch
35:40 Murder Holes
35:55 Masonry
36:25 Chain Barding Armor
36:41 Iron Casting
37:03 Bloodlines
36:13 Light Cavalry
36:54 Husbandry
38:10 Plate Barding Armor
38:10 Iron Casting
43:02 Ring Archer Armor
44:23 Hussar
x_treme77
9:56 Feudal Age
10:22 Loom
15:16 Castle Age
21:08 Double-Bit Axe
24:53 Bow Saw
34:36 Imperial Age
32:33 Horse Collar
33:20 Scale Barding Armor
35:03 Chain Barding Armor
35:30 Forging
36:18 Conscription
37:31 Iron Casting
37:53 Wheelbarrow
37:05 Town Watch
39:51 Blast Furnace
40:14 Pikeman
41:56 Padded Archer Armor
41:56 Scale Mail Armor
42:46 Halberdier
44:09 Chain Mail Armor
45:57 Squires
45:43 Arson
45:44 Gambesons
47:08 Plate Mail Armor
47:29 Fletching
mhilla73
10:36 Feudal Age
14:11 Castle Age
14:46 Bloodlines
17:50 Double-Bit Axe
18:40 Horse Collar
24:41 Forging
24:31 Scale Mail Armor
24:39 Scale Barding Armor
30:55 Loom
31:47 Wheelbarrow
31:14 Heavy Plow
37:24 Iron Casting
38:20 Hand Cart
37:59 Gold Mining
40:43 Imperial Age
41:44 Cavalier
43:56 Loom
47:12 Conscription
47:19 Chain Barding Armor
48:45 Tusk Swords
Divine
11:07 Feudal Age
15:45 Castle Age
14:02 Double-Bit Axe
14:19 Horse Collar
17:47 Heavy Plow
17:58 Bow Saw
17:59 Loom
19:39 Bloodlines
19:37 Scale Barding Armor
20:38 Szlachta Privileges
21:16 Scale Barding Armor
24:21 Forging
26:59 Chain Barding Armor
28:14 Gold Mining
29:07 Iron Casting
31:37 Husbandry
38:50 Imperial Age
37:00 Wheelbarrow
39:13 Scale Mail Armor
38:54 Cavalier
40:43 Blast Furnace
44:23 Conscription
44:14 Pikeman
Connection lost

Rejoining the realm…

Still unreachable

The connection could not be restored.

Session expired

The server has moved on; the page needs a fresh start.